[ PARTIDA AOE2 · #461851235 ]
Team RMPolacos vs Ethiopians
[ ANÁLISIS DE REPETICIÓN · EXTRAÍDO DE LA PARTIDA GRABADA ]
Feudal
—
Castillos
—
Imperial
—
| APM promedio | 8.8 |
| APM pico | 10 |
| eAPM promedio | 8.8 |
| Aldeanos / militares | 5 / 0 |
Foco
⚔️ 0.0% · 🌾 100.0%
Feudal
—
Castillos
—
Imperial
—
| APM promedio | 44.8 |
| APM pico | 51 |
| eAPM promedio | 14.9 |
| Aldeanos / militares | 5 / 0 |
Foco
⚔️ 0.0% · 🌾 100.0%
Feudal
—
Castillos
—
Imperial
—
| APM promedio | 7.9 |
| APM pico | 9 |
| eAPM promedio | 7.9 |
| Aldeanos / militares | 0 / 0 |
Feudal
—
Castillos
—
Imperial
—
| APM promedio | 72.9 |
| APM pico | 70 |
| eAPM promedio | 15.8 |
| Aldeanos / militares | 5 / 0 |
Foco
⚔️ 0.0% · 🌾 100.0%
Feudal
—
Castillos
—
Imperial
—
| APM promedio | 22.8 |
| APM pico | 26 |
| eAPM promedio | 11.4 |
| Aldeanos / militares | 3 / 0 |
Foco
⚔️ 0.0% · 🌾 100.0%
Feudal
—
Castillos
—
Imperial
—
| APM promedio | 27.2 |
| APM pico | 23 |
| eAPM promedio | 14.9 |
| Aldeanos / militares | 5 / 0 |
Foco
⚔️ 9.1% · 🌾 90.9%
Feudal
—
Castillos
—
Imperial
—
| APM promedio | 20.2 |
| APM pico | 22 |
| eAPM promedio | 16.7 |
| Aldeanos / militares | 4 / 0 |
Foco
⚔️ 0.0% · 🌾 100.0%
Feudal
—
Castillos
—
Imperial
—
| APM promedio | 29.9 |
| APM pico | 34 |
| eAPM promedio | 17.6 |
| Aldeanos / militares | 4 / 0 |
Foco
⚔️ 0.0% · 🌾 100.0%
Mapa de la partida
Recursos iniciales + cada clic de construcción. Líneas = muros · curvas = relieve. ◆ oro · ⬟ piedra · ● bayas · ✦ reliquia · ◌ hueco del cierre
Tu base
Base de panda
Base de ixsea
Base de Hallow
Base de Boss
Base de 提莫队长
Base de danganharmy
Base de PcklRck
Terreno inicial suavizado · ◌ = hueco del cierre detectado · pasá el cursor para detalles
Inputs por minuto
— LZSS - - panda
Build order — LZSS
7 acciones detectadas en el replay
| 0:01 | Crear | Villager (Male) |
| 0:01 | Crear | Villager (Male) |
| 0:01 | Crear | Villager (Male) |
| 0:02 | Crear | Villager (Male) |
| 0:02 | Crear | Villager (Male) |
| 0:03 | Construir | House |
| 0:06 | Construir | House |
Build order — panda
8 acciones detectadas en el replay
| 0:02 | Crear | Villager (Male) |
| 0:02 | Crear | Villager (Male) |
| 0:03 | Crear | Villager (Male) |
| 0:03 | Crear | Villager (Male) |
| 0:03 | Crear | Villager (Male) |
| 0:05 | Construir | House |
| 0:07 | Construir | House |
| 0:12 | Construir | House |
Build order — ixsea
0 acciones detectadas en el replay
Build order — Hallow
7 acciones detectadas en el replay
| 0:01 | Crear | Villager (Male) |
| 0:01 | Crear | Villager (Male) |
| 0:03 | Construir | House |
| 0:04 | Construir | House |
| 0:16 | Crear | Villager (Male) |
| 0:16 | Crear | Villager (Male) |
| 0:16 | Crear | Villager (Male) |
Build order — Boss
5 acciones detectadas en el replay
| 0:01 | Crear | Villager (Male) |
| 0:01 | Crear | Villager (Male) |
| 0:01 | Crear | Villager (Male) |
| 0:03 | Construir | House |
| 0:05 | Construir | House |
Build order — 提莫队长
7 acciones detectadas en el replay
| 0:26 | Construir | House |
| 0:29 | Construir | House |
| 1:02 | Crear | Villager (Male) |
| 1:03 | Crear | Villager (Male) |
| 1:03 | Crear | Villager (Male) |
| 1:03 | Crear | Villager (Male) |
| 1:03 | Crear | Villager (Male) |
Build order — danganharmy
6 acciones detectadas en el replay
| 0:09 | Crear | Villager (Male) |
| 0:10 | Crear | Villager (Male) |
| 0:10 | Crear | Villager (Male) |
| 0:10 | Crear | Villager (Male) |
| 0:14 | Construir | House |
| 0:17 | Construir | House |
Build order — PcklRck
7 acciones detectadas en el replay
| 0:04 | Crear | Villager (Male) |
| 0:04 | Crear | Villager (Male) |
| 0:05 | Crear | Villager (Male) |
| 0:05 | Crear | Villager (Male) |
| 0:09 | Construir | House |
| 0:09 | Construir | House |
| 0:10 | Construir | House |
Cronología de la partida
| 0:01 | ixsea · resign |
[ ANÁLISIS IA · 1 CRÉDITO ]
¿Qué pasó realmente en esta partida?
Wolo.gg analiza cada decisión: build order, eco, micro, errores típicos por bracket. Análisis personalizado por WhatsApp o Discord en 30 segundos.
Guía civ
Polacos
Guía mapa
Lombardia
Perfil
Jugador #9294821